 Dungeon Crawl Stone Soup version 0.31-a0-740-g87205ac768 (webtiles) character file.

Game seed: 18041155056618689356

11741 microfolk the Fighter (level 11, -5/90 HPs)
             Began as a Mummy Necromancer on Sept 11, 2023.
             Was an Elder of Kikubaaqudgha.
             Slain by a red devil
             ... wielding a +0 trident
             ... summoned by an orc high priest
              (13 damage)
             ... on level 9 of the Dungeon on Sept 12, 2023.
             The game lasted 01:06:48 (16376 turns).

microfolk the Fighter (Mummy Necromancer)          Turns: 16376, Time: 01:06:49

Health: -5/90      AC:  8    Str: 17    XL:     11   Next: 53%
Magic:  18/21      EV: 10    Int: 18    God:    Kikubaaqudgha [****..]
Gold:   621        SH:  9    Dex: 13    Spells: 15/24 levels left

rFire   x . .        n - +7 Throatcutter {drain, coup de grace}
rCold   + . .        r - +0 kite shield
rNeg    + + +        D - +1 robe {Will+}
rPois   ∞            t - +0 helmet
rElec   .            l - +2 ratskin cloak {*Rats rPois rN+ Str-1 Int-1 Dex+1}
rCorr   .            (no gloves)
SInv    .            H - +0 pair of boots
Will    ++...        (no amulet)
Stlth   ++           m - +6 ring of strength
HPRegen 0.35/turn    z - +4 ring of protection
MPRegen 0.17/turn

%: faith
@: spiked, corroded, animating dead
A: cold resistance 1, negative energy resistance 3, torment resistance 2, heat
vulnerability 1, in touch with death 1, no potions, faith
a: Renounce Religion, Unearth Wretches


You were on level 9 of the Dungeon.
You worshipped Kikubaaqudgha.
Kikubaaqudgha was greatly pleased with you.
You visited 3 branches of the dungeon, and saw 13 of its levels.
You also visited: Sewer.

You collected 621 gold pieces.

Inventory:

Hand Weapons
 f - a +0 dagger
 g - a +2 antimagic dagger
 n - the +7 Throatcutter (weapon) {drain, coup de grace}
   (You found it on level 3 of the Dungeon)
Missiles
 c - 134 stones (quivered)
 u - 8 curare-tipped darts
 B - 39 poisoned darts
Armour
 d - a +0 ring mail
 l - the +2 ratskin cloak (worn) {*Rats rPois rN+ Str-1 Int-1 Dex+1}
   (You found it on level 4 of the Dungeon)

   *Rats:     When the wearer is hurt, rats may emerge from it to assist them.
   Str-1:     It affects your strength (-1).
   Int-1:     It affects your intelligence (-1).
   Dex+1:     It affects your dexterity (+1).
   rPois:     It protects you from poison rN+: It protects you from negative
   energy.
 r - a +0 kite shield (worn)
 t - a +0 helmet (worn)
 y - a +0 leather armour
 D - a +1 robe of willpower (worn)
 E - a +0 buckler
 F - +0 steam dragon scales
 H - a +0 pair of boots (worn)
 I - a +0 troll leather armour
Magical Staves
 A - a staff of fire
Jewellery
 m - a +6 ring of strength (left hand)
 v - a ring of fire
 z - a +4 ring of protection (right hand)
Wands
 o - a wand of iceblast (23)
 q - a wand of flame (19)
 s - a wand of paralysis (7)
 J - a wand of digging (7)
 K - a wand of polymorph (7)
Scrolls
 a - a scroll of blinking
 b - 2 scrolls of immolation
 e - 3 scrolls of teleportation
 h - 2 scrolls of fog
 i - 2 scrolls of amnesia
 j - 3 scrolls of enchant armour
 k - 3 scrolls of enchant weapon
 p - a scroll of torment
 w - a scroll of poison
 x - 3 scrolls of fear
 C - a scroll of noise
 G - 2 scrolls of vulnerability
 L - a scroll of silence {unknown}


   Skills:
 - Level 10.0 Fighting
 - Level 1.5 Dodging
 - Level 1.5 Stealth
 - Level 6.1 Shields
 - Level 7.0 Spellcasting
 * Level 5.3 Summonings
 - Level 8.0 Necromancy
 - Level 7.0 Ice Magic


You had 15 spell levels left.
You knew the following spells:

 Your Spells              Type           Power      Damage    Failure   Level
a - Necrotise             Necr           100%       1d9       1%          1
b - Freeze                Ice            100%       1d10      1%          1
c - Frozen Ramparts       Ice            62%        1d10      4%          3
d - Animate Dead          Necr           51%        N/A       10%         4

Your spell library contained the following spells:

 Spells                   Type           Power      Damage    Failure   Level
 Summon Small Mammal      Summ           100%       N/A       3%          1
 Vampiric Draining        Necr           51%        2d9       3%          3
 Kiss of Death            Conj/Necr      100%       2d13      4%          1
 Dispel Undead            Necr           51%        3d19      10%         4
 Hailstorm                Conj/Ice       18%        3d6       19%         3
 Summon Ice Beast         Ice/Summ       28%        N/A       21%         4
 Apportation              Tloc           12%        N/A       26%         1
 Agony                    Necr           51%        N/A       26%         5
 Poisonous Vapours        Pois/Air       12%        N/A       36%         2
 Static Discharge         Conj/Air       12%        2-3/arc   36%         2
 Anguish                  Hex/Necr       15%        N/A       45%         4
 Inner Flame              Hex/Fire       6%         N/A       61%         3
 Mephitic Cloud           Conj/Pois/Air  6%         N/A       61%         3
 Summon Lightning Spire   Summ/Air       15%        N/A       65%         4
 Borgnjor's Vile Clutch   Necr/Erth      15%        N/A       80%         5
 Death Channel            Necr           25%        N/A       83%         6
 Summon Mana Viper        Hex/Summ       15%        N/A       94%         5
 Airstrike                Air            3%         2d(1-17)  95%         4
 Flame Wave               Conj/Fire      6%         2d5       95%         4
 Sticky Flame             Conj/Fire      6%         2d3       95%         4
 Freezing Cloud           Conj/Ice/Air   7%         6-21      96%         5
 Monstrous Menagerie      Summ           12%        N/A       100%        7


Dungeon Overview and Level Annotations

Branches:
Dungeon (11/15)            Temple (1/1) D:6            Lair (0/5) D:10
    Orc (1/2) D:9           Sewer (visited)

Altars:
Ashenzari
Cheibriados
Dithmenos
Fedhas
Gozag
Hepliaklqana
Kikubaaqudgha
Makhleb
Nemelex Xobeh
Okawaru
Qazlal
Ru
Sif Muna
Trog
Uskayaw
Vehumet
Wu Jian
Xom
Yredelemnul

Shops:
D:11 *

Annotations:
D:3 1 runed translucent door, exclusion: downstairs, Crazy Yiuf
D:4 exclusion: downstairs
D:6 1 runed translucent door, nago's ghost, novice GnHs
D:10 exclusion: two-headed ogre


Innate Abilities, Weirdness & Mutations

You are immune to poison.
Your flesh is cold resistant. (rC+)
You are immune to negative energy. (rN+++)
You are immune to unholy pain and torment.
You are vulnerable to heat. (rF-)
You are in touch with the powers of death.
You do not drink.
You have a special connection with the divine. (Faith)


Message History

The orc high priest utters an invocation to Beogh.
You block the orc priest's attack. The rust devil hits you.
The rust devil corrodes you!
The orc high priest hits you with a +0 long sword.
The orc priest hits you but does no damage.
The orc hits you with a +0 short sword.
You hit the orc high priest.
The orc high priest is moderately wounded.
The rust devil disappears in a puff of smoke!
You block the soul eater's attack. The orc hits you with a +0 short sword.
The orc high priest barely misses you.
The orc priest begins to cast a cantrip, but forgets the words!
You block the rust devil's attack.
The red devil hits you with a +0 trident!
* * * LOW HITPOINT WARNING * * *
A river rat scurries out from under your cloak.
Barbed spikes become lodged in your body.
You block the soul eater's attack.
You closely miss the orc high priest.
The orc high priest is moderately wounded.
You block the orc's attack.
The orc high priest hits you with a +0 long sword.
* * * LOW HITPOINT WARNING * * *
The orc priest hits you but does no damage.
You block the rust devil's attack.
The red devil hits you with a +0 trident!
* * * LOW HITPOINT WARNING * * *
Barbed spikes become lodged in your body.
The soul eater hits you!
* * * LOW HITPOINT WARNING * * *
A river rat scurries out from under your cloak.
Your river rat bites the red devil.
The orc high priest hits you with a +0 long sword!
* * * LOW HITPOINT WARNING * * *
The orc priest hits you with a +0 club.
* * * LOW HITPOINT WARNING * * *
The orc barely misses you.
The red devil hits you with a +0 trident!
You die...
Kikubaaqudgha rasps: "You have failed me!
Welcome... oblivion!"

....'.####.......##.#####.....#
....### #.####...#### #.....#
....# #.#....8....# #.....#
....# #.#.........# #.....#
##### #.#.........# ##.....#
###.........###....###
#.....r.....#.†######
##.....o4............# ######
#..8..§@o..8.........# .....#
###'....o43............# ...[.#
#.......r....!.........# <[...#
#...#.........#........#
.....###)..#.........#........#
.......#)..#.........#........#
.....#.'>..#....8....#........#
.....###.).####...####........#
###### #..........# ##########


You could see a soul eater (summoned), an orc high priest (drained, ally
target), a rust devil (summoned), a red devil (summoned), an orc priest, an orc
and 2 friendly river rats.

Vanquished Creatures
  A centaur warrior (D:8)
  A tengu warrior (D:8)
  2 two-headed ogres (D:8)
  A cyclops (D:11)
  Maggie (D:9)
  A kobold demonologist (D:10)
  3 trolls
  A hornet (D:6)
  Grinder (Sewer)
  A vampire (D:11)
  A shadow (D:9)
  A wyvern (D:8)
  A basilisk (D:8)
  2 steam dragons
  Eustachio (D:6)
  Menkaure (D:6)
  An acid dragon (D:9)
  Edmund (D:6)
  3 water moccasins
  An ice beast (D:6)
  A black bear (D:8)
  4 orc warriors
  3 ogres
  6 centaurs
  3 phantoms
  8 kobold brigands
  A bullfrog (D:8)
  4 scorpions
  10 wights
  10 killer bees
  A howler monkey (D:9)
  5 hounds
  8 orc priests
  4 jellies
  3 gnoll boudas
  2 sleepcaps (D:6)
  Ijyb (D:4)
  14 orc wizards
  4 iguanas
  8 ogre zombies (D:9)
  Robin (D:5)
  14 gnolls
  7 adders
  4 river rats (D:5)
  3 shadow imps (Sewer)
  2 ufetubi (Sewer)
  3 worms
  2 dart slugs (D:2)
  46 orcs
  8 ball pythons
  7 endoplasms
  4 giant cockroaches
  4 goblins
  7 hobgoblins
  6 quokkas
  A bat (Sewer)
  A frilled lizard (D:1)
  A goblin skeleton (D:9)
  2 goblin zombies (D:9)
  A hobgoblin skeleton (D:9)
  A hobgoblin zombie (D:9)
  34 kobolds
  A kobold zombie (Sewer)
  An orc skeleton (D:9)
  19 orc zombies (D:9)
  4 rats
310 creatures vanquished.

Vanquished Creatures (collateral kills)
  A centaur warrior (D:8)
  A troll (D:10)
  A black bear (D:5)
  3 wights
  A quasit (Sewer)
  A gnoll (D:2)
  2 orcs
  A ball python (D:5)
  An endoplasm (D:1)
  A goblin (D:4)
  A hobgoblin (D:4)
  2 kobolds
  A rat (D:1)
17 creatures vanquished.

Vanquished Creatures (others)
  A two-headed ogre (D:8)
  An unseen horror (D:9)
  A komodo dragon (D:8)
  An unseen horror zombie (D:9)
  A two-headed ogre zombie (D:8)
  A bullfrog (D:8)
  A killer bee (D:9)
  A bullfrog zombie (D:8)
  8 killer bee zombies
  A howler monkey zombie (D:9)
  4 orc zombies (D:8)
  A steam dragon zombie (D:10)
  An endoplasm (Sewer)
  A frilled lizard (D:8)
  A giant cockroach zombie (Sewer)
  8 kobold zombies
33 creatures vanquished.

Grand Total: 360 creatures vanquished

Notes
Turn   | Place    | Note
-------+----------+-------------------------------------------
     0 | D:1      | microfolk the Mummy Necromancer began the quest for the
                  | Orb.
     0 | D:1      | Reached XP level 1. HP: 13/13 MP: 4/4
    44 | D:1      | Reached XP level 2. HP: 20/20 MP: 0/6
   249 | D:1      | Reached skill level 1 in Fighting
   352 | D:1      | Found a faded altar of an unknown god.
  1364 | D:2      | Reached XP level 3. HP: 26/26 MP: 5/7
  2134 | D:2      | Reached skill level 2 in Fighting
  2269 | D:2      | Reached XP level 4. HP: 33/33 MP: 2/9
  2822 | D:3      | Learned a level 1 spell: Freeze
  3352 | D:3      | Found a shimmering blue altar of Sif Muna.
  3381 | D:3      | Found a runed translucent door.
  3382 | D:3      | Noticed Crazy Yiuf
  3492 | D:3      | Found the +7 Throatcutter {drain, coup de grace}
  4006 | D:4      | Noticed a scorpion
  4102 | D:4      | Noticed a phantom
  4160 | D:3      | Killed a phantom
  4161 | D:3      | Reached skill level 5 in Necromancy
  4161 | D:3      | Reached XP level 5. HP: 34/40 MP: 11/11
  4207 | D:4      | Noticed Ijyb
  4214 | D:4      | Found a bloodstained altar of Trog.
  4350 | D:4      | Reached skill level 3 in Fighting
  4350 | D:4      | Reached skill level 1 in Ice Magic
  4657 | D:4      | Reached XP level 6. HP: 47/47 MP: 9/12
  4671 | D:4      | Killed Ijyb
  5336 | D:4      | Found the +2 ratskin cloak {*Rats rPois rN+ Str-1 Int-1
                  | Dex+1}
  5443 | D:4      | Reached skill level 4 in Fighting
  5452 | D:4      | Reached XP level 7. HP: 53/54 MP: 2/13
  5872 | D:5      | Entered Level 5 of the Dungeon
  5905 | D:5      | Noticed Robin
  5992 | D:5      | Killed Robin
  6177 | D:5      | Learned a level 3 spell: Frozen Ramparts
  6246 | D:5      | Reached skill level 5 in Fighting
  6320 | D:5      | Reached XP level 8. HP: 62/62 MP: 5/14
  6323 | D:5      | Reached skill level 5 in Ice Magic
  6327 | D:5      | Found a glowing drain.
  6333 | Sewer    | Entered a sewer
  6575 | Sewer    | Noticed Grinder
  6738 | Sewer    | Found a burning altar of Makhleb.
  6749 | Sewer    | Killed Grinder
  7027 | D:5      | Reached skill level 6 in Fighting
  7821 | D:6      | Noticed Edmund
  7838 | D:6      | Killed Edmund
  8058 | D:6      | Reached XP level 9. HP: 62/71 MP: 6/15
  8238 | D:6      | Found a staircase to the Ecumenical Temple.
  8260 | Temple   | Entered the Ecumenical Temple
  8276 | Temple   | Became a worshipper of Kikubaaqudgha
  8542 | D:6      | Found a runed translucent door.
  8545 | D:6      | Noticed nago's ghost (novice GnHs)
  8609 | D:6      | Found an ornate altar of the Wu Jian Council.
  8701 | D:6      | Reached skill level 1 in Shields
  8790 | D:6      | Reached skill level 7 in Fighting
  8837 | D:6      | Noticed Menkaure
  8841 | D:6      | Killed Menkaure
  8866 | D:6      | Noticed Eustachio
  8874 | D:6      | Killed Eustachio
  9229 | D:6      | Found a shadowy altar of Dithmenos.
  9332 | D:6      | Learned a level 4 spell: Animate Dead
  9431 | D:7      | Found a sparkling altar of Nemelex Xobeh.
  9432 | D:7      | Found a broken altar of Ashenzari.
  9433 | D:7      | Found a radiant altar of Vehumet.
  9433 | D:7      | Found a blossoming altar of Fedhas.
 10023 | D:8      | Noticed a two-headed ogre
 10184 | D:8      | Reached * piety under Kikubaaqudgha
 10184 | D:8      | Received a gift from Kikubaaqudgha
 10399 | D:8      | Noticed a two-headed ogre
 10408 | D:8      | Killed a two-headed ogre
 10409 | D:8      | Reached skill level 8 in Fighting
 10656 | D:8      | Reached XP level 10. HP: 80/80 MP: 1/16
 10806 | D:8      | Noticed a centaur warrior
 10806 | D:8      | Noticed a centaur warrior
 10806 | D:8      | Noticed a tengu warrior
 10993 | D:8      | Killed a tengu warrior
 11599 | D:8      | Killed a two-headed ogre
 11600 | D:8      | Reached skill level 5 in Spellcasting
 11601 | D:8      | Reached skill level 5 in Shields
 11757 | D:8      | Killed a centaur warrior
 12069 | D:8      | Found a hide-covered altar of Uskayaw.
 12136 | D:8      | Reached skill level 9 in Fighting
 12289 | D:8      | Upgraded the game from 0.31-a0-728-g01b46875f1 to
                  | 0.31-a0-740-g87205ac768
 12754 | D:9      | Reached ** piety under Kikubaaqudgha
 12873 | D:9      | Noticed Maggie
 13098 | D:8      | Killed a centaur warrior
 13099 | D:8      | Reached skill level 1 in Summonings
 13099 | D:8      | Reached XP level 11. HP: 75/89 MP: 18/21
 13342 | D:9      | Found a staircase to the Orcish Mines.
 13360 | D:9      | Reached *** piety under Kikubaaqudgha
 13360 | D:9      | Received a gift from Kikubaaqudgha
 13886 | D:9      | Found a stormy altar of Qazlal.
 14045 | D:9      | Killed Maggie
 14244 | D:10     | Entered Level 10 of the Dungeon
 14413 | Orc:1    | Entered Level 1 of the Orcish Mines
 14441 | D:10     | Noticed a two-headed ogre
 14477 | D:10     | Identified the +0 ring mail "Neajessi" {rC++ Will+ Dex-2}
 14513 | D:10     | Found a staircase to the Lair.
 14537 | D:10     | Reached **** piety under Kikubaaqudgha
 15328 | D:11     | Reached skill level 10 in Fighting
 15480 | D:11     | Found Taon's Overcharged Wands.
 15540 | D:11     | Identified the +6 war axe "Newtbane" {protect, rF+ rC+
                  | Dex-5}
 15573 | D:11     | Reached skill level 5 in Summonings
 16265 | Orc:1    | Noticed an orc high priest
 16374 | D:9      | Noticed a soul eater
 16376 | D:9      | Slain by a red devil

Illustrated notes

Levels and vault maps discovered:
D:1:      shiori_shiawase, layout_loops_ring, nicolae_ecumenical_snake_handling
D:2:      layout_basic
D:3:      layout_loops_corners, mainiacjoe_overflow_six_doors_small,
          uniq_crazy_yiuf_cottage
D:4:      layout_basic, mainiacjoe_overflow_catwalk_spiral,
          kennysheep_another_room, roderic_roman_lattice, item_on_display_a,
          uniq_ijyb
D:5:      layout_gridville, portal_sewer_entry_e, grunt_ministairs_2,
          nicolae_goblin_pals
D:6:      layout_loops_ring, nicolae_wu_jian_immortal_techniques,
          grunt_dithmenos_smoke_and_mirrors, minmay_temple_entry_glassed_door,
          ebering_ghost_sewer_d, st_stairs_14, uniq_menkaure, uniq_edmund,
          uniq_eustachio
D:7:      layout_rooms, mainiacjoe_overflow_alcove_3, fountainhead
D:8:      minmay_chambers_of_sevens, layout_basic,
          nicolae_uskayaw_murder_on_the_dancefloor
D:9:      layout_roguey, nicolae_qazlal_eye_of_the_storm, zombieorc2_lemuel,
          kennysheep_generic_room_16, uniq_maggie
D:10:     layout_long_grid, lair_entry_dummy, serial_glass, glass_columns_b,
          glass_columns_b, glass_columns_b, glass_columns_c, glass_columns_c
D:11:     layout_long_grid, nicolae_shop_overcharged_wands
Temple:   jpeg_temple_clearing
Orc:1:    layout_diamond_mine, serial_shops, nicolae_square_shop

Skill      XL: |  1  2  3  4  5  6  7  8  9 10 11 |
---------------+----------------------------------+-----
Spellcasting   | 3 4 6 7 |  7.0
Fighting       | 1 2 3 4 5 6 8 9 10 | 10.0
Necromancy     | 5 8 |  8.0
Ice Magic      | 1 3 4 7 |  7.0
Shields        | 3 6 |  6.1
Summonings     | 1 5 |  5.3
Dodging        | |  1.5
Stealth        | |  1.5

Action                     |  1- 3 |  4- 6 |  7- 9 | 10-12 || total
---------------------------+-------+-------+-------+-------++-------
  Melee: Long sword        |       |     8 |    45 |   252 ||   305
  Throw: Stone             |     5 |       |     3 |       ||     8
   Cast: Necrotise         |    59 |    91 |   212 |     3 ||   365
         Freeze            |       |    12 |     8 |     5 ||    25
         Frozen Ramparts   |       |       |    43 |    48 ||    91
         Animate Dead      |       |       |       |    16 ||    16
 Invoke: Unearth Wretches  |       |       |       |     3 ||     3
  Evoke: Wand              |       |       |    13 |     3 ||    16
    Use: Scroll            |       |     8 |     4 |     6 ||    18
   Stab: Paralysed         |       |       |     5 |     6 ||    11
 Armour: Ring mail         |    11 |    37 |    69 |       ||   117
         Leather armour    |       |       |    35 |       ||    35
         Robe              |       |       |       |   262 ||   262
  Dodge: Dodged            |    10 |    26 |    85 |   117 ||   238
  Block: Kite shield       |       |       |       |   149 ||   149

Table legend: (Time is in decaauts)
 A = Elapsed time spent in this place.
 B = Non-inter-level travel time spent in this place.
 C = Inter-level travel time spent in this place.
 D = Time resting spent in this place.
 E = Time spent auto-exploring this place.
 F = Levels seen in this place.
 G = Mean time per level.
                   A        B        C        D        E       F      G
               +--------+--------+--------+--------+--------+-----+--------+
         Total |  16933 |  15885 |   1048 |   2950 |   7859 |  14 | 1209.5 |
       Dungeon |  16304 |  15286 |   1018 |   2822 |   7751 |  11 | 1482.2 |
        Temple |     32 |      2 |     30 |      0 |      0 |   1 |   32.0 |
  Orcish Mines |     14 |     14 |      0 |      0 |      0 |   1 |   14.0 |
         Sewer |    581 |    581 |      0 |    128 |    107 |   1 |  581.0 |
               +--------+--------+--------+--------+--------+-----+--------+

Top non-repeatable levels by time:
     D:8: 2327 daAuts
     D:9: 2122 daAuts
     D:4: 2031 daAuts
     D:6: 1602 daAuts
     D:2: 1547 daAuts
     D:1: 1388 daAuts
     D:3: 1295 daAuts
     D:5: 1070 daAuts
    D:11: 1032 daAuts
     D:7: 1016 daAuts
    D:10: 870 daAuts
   Sewer: 581 daAuts
  Temple: 32 daAuts
   Orc:1: 14 daAuts
